 Dungeon Crawl Stone Soup version 0.31-a0-977-gc230f8ef24 (webtiles) character file.

Game seed: 15938850782165350505

1042 strifetoe the Changeling (level 8, -2/54 HPs)
             Began as a Djinni Shapeshifter on Oct 29, 2023.
             Was an Initiate of Okawaru.
             Slain by a boulder beetle (22 damage)
             ... on level 7 of the Dungeon.
             The game lasted 00:14:32 (5173 turns).

strifetoe the Changeling (Djinni Shapeshifter)      Turns: 5173, Time: 00:14:36

Health: -2/54      AC:  4    Str: 19    XL:     8   Next: 49%
Gold:   272        EV: 12    Int: 14    God:    Okawaru [......] SH:  0 Dex: 13

rFire   + +          .
                       - Unarmed
rCold   x . .        (no shield)
rNeg    . . .        q - +1 leather armour
rPois   ∞            g - melded +0 helmet
rElec   .            (cloak currently unavailable)
rCorr   .            (gloves currently unavailable)
SInv    .            (boots unavailable)
Will    .....        j - amulet of regeneration
Stlth   ++           v - +6 ring of strength
HPRegen 1.09/turn    h - +4 ring of slaying
MPRegen 0.00/turn

%: infuse magic (-3 HP)
@: beast-form, flying
A: beast (slay +3), flying, sickness immunity, fire resistance 2, cold
vulnerability 1, float, innate caster, HP casting, extra vitality 1
a: Begin Untransformation, Renounce Religion


You were on level 7 of the Dungeon.
You worshipped Okawaru.
Okawaru was noncommittal.
You were a hulking beast.
You visited 1 branch of the dungeon, and saw 7 of its levels.

You collected 322 gold pieces.
You spent 50 gold pieces at shops.

Inventory:

Hand Weapons
 i - a +0 dagger
 n - a +0 short sword of venom
 x - a +1 dagger of venom
 C - the +8 flail of Truncation {freeze, Int+4}
   (You found it on level 5 of the Dungeon)

   Int+4:     It affects your intelligence (+4).
Armour
 a - a +0 animal skin
 g - a +0 helmet (melded)
 q - a +1 leather armour (worn)
Jewellery
 h - a +4 ring of slaying (right hand)
 j - an amulet of regeneration (around neck)
 v - a +6 ring of strength (left hand)
Talismans
 c - a beast talisman (active)
 d - a flux talisman
Wands
 l - a wand of flame (5)
 y - a wand of polymorph (3)
 B - a wand of iceblast (6)
Scrolls
 e - a scroll of poison
 f - a scroll of torment
 r - 3 scrolls of teleportation
 z - a scroll of identify
 D - a scroll of fog
Potions
 b - a potion of lignification
 k - a potion of might
 m - 2 potions of enlightenment
 o - 2 potions of curing
 p - a potion of mutation
 s - a potion of brilliance
 t - 2 potions of resistance
 u - 4 potions of heal wounds
 w - a potion of ambrosia


   Skills:
 - Level 2.1 Fighting
 + Level 3.0 Dodging
 - Level 4.0 Stealth
 + Level 3.1 Unarmed Combat
 - Level 2.3 Spellcasting
 - Level 2.3 Conjurations
 - Level 2.3 Hexes
 - Level 2.3 Summonings
 - Level 2.3 Necromancy
 - Level 2.3 Translocations
 - Level 2.3 Transmutations
 - Level 2.3 Fire Magic
 - Level 2.3 Ice Magic
 - Level 2.3 Air Magic
 - Level 2.3 Earth Magic
 - Level 2.3 Poison Magic
 * Level 6.1 Shapeshifting


You knew the following spells:

 Your Spells              Type           Power      Damage    Failure   Level
a - Magic Dart            Conj           32%        1d4       11%         1
b - Passwall              Tmut/Erth      6%         N/A       16%         2
c - Lesser Beckoning      Tloc           16%        N/A       16%         2
Your spell library was empty.

Dungeon Overview and Level Annotations

Branches:
Dungeon (7/15)             Temple (0/1) D:7

Altars:
Cheibriados
Fedhas
Nemelex Xobeh
Okawaru
Trog
Wu Jian
Xom
The Shining One

Shops:
D:3 ?   D:4 ([?!*   D:6 *

Annotations:
D:1 1 transporter


Innate Abilities, Weirdness & Mutations

You are a hulking beast.
Your limbs bulge with bestial killing power. (Slay +3)
You are flying.
You are immune to sickness and miasma.
You are immune to poison.
Your flesh is very heat resistant. (rF++)
You are vulnerable to cold. (rC-)
You float through the air rather than walking.
You learn spells naturally, not from books.
Your magical power is your life essence.
You have superior vitality. (+4 MHP)


Message History

Found a helmet.
You see here a +0 helmet.
Found a blossoming altar of Fedhas.
You now have 253 gold pieces (gained 14).
You now have 264 gold pieces (gained 11).
You now have 272 gold pieces (gained 8).
Found 5 stones.
No target in view!
Okay, then.
Found a staircase to the Ecumenical Temple.
A boulder beetle comes into view.
The boulder beetle curls into a ball and begins rolling!
You see here a scroll of fog.
A boulder beetle is nearby!
D - a scroll of fog
Aiming: Mindburst
Press: ? - help, Shift-Dir - straight line, f - boulder beetle
Aim: a boulder beetle (rolling, chance to affect: 47%)
The boulder beetle's mind is blasted!!
Aiming: Mindburst
Press: ? - help, Shift-Dir - straight line, f/p - boulder beetle
Aim: a boulder beetle (moderately wounded, rolling, chance to affect: 47%)
The boulder beetle's mind is blasted!
Aiming: Mindburst
Press: ? - help, Shift-Dir - straight line, f/p - boulder beetle
Aim: a boulder beetle (heavily wounded, rolling, chance to affect: 47%)
The boulder beetle's mind is blasted!
The now-empty wand crumbles to dust.
The boulder beetle hits you!!
Ouch! That really hurt!
The boulder beetle stops rolling and uncurls.
A boulder beetle is nearby!
Okay, then.
Unknown command.
Aiming: Iceblast
Press: ? - help, Shift-Dir - straight line, p - boulder beetle The mass of ice explodes!
The iceblast engulfs the boulder beetle.
The boulder beetle is severely wounded.
The boulder beetle bites you!!
You die...

.#........#.#.
..........#.>.
#........#.#.#.
#.........#.#.#
#..........#.#.
#..............
#....B.........
#....h.........
#.......(......
#..............
#######...###..
#...# #...#
#...# ....
#...# ...#
#...#


You could see a boulder beetle.

Vanquished Creatures
  A water moccasin (D:5)
  Duvessa (D:5)
  An ogre (D:6)
  A centaur (D:5)
  A bullfrog (D:7)
  2 scorpions (D:5)
  Dowan (D:5)
  A hound (D:4)
  A sleepcap (D:4)
  2 jellies
  An orc priest (D:6)
  3 iguanas
  2 orc wizards (D:6)
  6 adders
  2 shadow imps
  A white imp (D:6)
  3 worms
  2 dart slugs (D:1)
  17 orcs
  8 ball pythons
  4 bats
  6 endoplasms
  2 giant cockroaches
  2 goblins (D:1)
  5 hobgoblins
  4 quokkas
  9 frilled lizards
  4 kobolds
  4 rats
97 creatures vanquished.

Notes
Turn   | Place    | Note
-------+----------+-------------------------------------------
     0 | D:1      | strifetoe the Djinni Shapeshifter began the quest for the
                  | Orb.
     0 | D:1      | Reached XP level 1. HP: 17/17 MP: 0/0
   112 | D:1      | Reached XP level 2. HP: 14/22 MP: 0/0
   180 | D:1      | Found a faded altar of an unknown god.
   303 | D:1      | Reached skill level 3 in Shapeshifting
   467 | D:1      | Reached skill level 1 in Spellcasting
   467 | D:1      | Reached skill level 1 in Conjurations
   467 | D:1      | Reached skill level 1 in Hexes
   467 | D:1      | Reached skill level 1 in Summonings
   467 | D:1      | Reached skill level 1 in Necromancy
   467 | D:1      | Reached skill level 1 in Translocations
   467 | D:1      | Reached skill level 1 in Transmutations
   467 | D:1      | Reached skill level 1 in Fire Magic
   467 | D:1      | Reached skill level 1 in Ice Magic
   467 | D:1      | Reached skill level 1 in Air Magic
   467 | D:1      | Reached skill level 1 in Earth Magic
   467 | D:1      | Reached skill level 1 in Poison Magic
   494 | D:1      | Reached XP level 3. HP: 25/27 MP: 0/0
   494 | D:1      | Learned a level 1 spell: Magic Dart
  1156 | D:2      | Reached XP level 4. HP: 31/32 MP: 0/0
  1516 | D:3      | Found Ukhu's Magic Scroll Shoppe.
  1528 | D:3      | Reached skill level 1 in Stealth
  1772 | D:3      | Found a shimmering altar of Xom.
  1967 | D:3      | Found a sparkling altar of Nemelex Xobeh.
  1995 | D:4      | Found Kaufungyuhu's Antique Weapon Shop.
  2035 | D:4      | Found Egenogua's Distillery.
  2043 | D:4      | Bought a potion of heal wounds for 50 gold pieces
  2058 | D:4      | Reached XP level 5. HP: 37/37 MP: 0/0
  2058 | D:4      | Learned a level 2 spell: Passwall
  2117 | D:4      | Found Ser Yten's General Store.
  2568 | D:4      | Found Kifun's Magic Scroll Emporium.
  2602 | D:4      | Found Perseus's Dragon-Slaying Spoils.
  2673 | D:4      | Found a bloodstained altar of Trog.
  2891 | D:5      | Entered Level 5 of the Dungeon
  3013 | D:5      | Reached XP level 6. HP: 33/43 MP: 0/0
  3081 | D:5      | Noticed Duvessa
  3081 | D:5      | Noticed Dowan
  3133 | D:5      | Killed Dowan
  3181 | D:5      | Killed Duvessa
  3182 | D:5      | Reached skill level 4 in Shapeshifting
  3182 | D:5      | Reached XP level 7. HP: 34/49 MP: 0/0
  3182 | D:5      | Learned a level 2 spell: Lesser Beckoning
  3295 | D:5      | Found an iron altar of Okawaru.
  3296 | D:5      | Found a glowing golden altar of the Shining One.
  3296 | D:5      | Found a snail-covered altar of Cheibriados.
  3390 | D:5      | Noticed a water moccasin
  3397 | D:5      | Killed a water moccasin
  3428 | D:5      | Reached skill level 5 in Shapeshifting
  3866 | D:5      | Reached XP level 8. HP: 51/54 MP: 0/0
  3869 | D:5      | Found an ornate altar of the Wu Jian Council.
  3880 | D:5      | Identified the +8 flail of Truncation {freeze, Int+4}
  3966 | D:5      | Became a worshipper of Warmaster Okawaru
  4813 | D:6      | Found Fihyox's General Store.
  4831 | D:6      | Reached skill level 6 in Shapeshifting
  5128 | D:7      | Found a blossoming altar of Fedhas.
  5167 | D:7      | Found a staircase to the Ecumenical Temple.
  5168 | D:7      | Noticed a boulder beetle
  5173 | D:7      | Slain by a boulder beetle

Illustrated notes

Levels and vault maps discovered:
D:1:      spicycebolla_arrival_risky_transporter, layout_loops_ring,
          dreamdust_ecumenical_altar_grove, chequers_big_river
D:2:      layout_loops_ring
D:3:      layout_basic, mainiacjoe_overflow_brackets,
          mainiacjoe_overflow_six_doors_small, serial_shops,
          nicolae_shop_waterfront, nicolae_figureground_sparkle
D:4:      layout_basic, bloody_trog, serial_shops, nicolae_shop_statue_plus,
          nicolae_shop_rolled_up, nicolae_shop_hallway_stairs,
          nicolae_shop_tiny_statue_garden, nicolae_shop_dragon_depot,
          grunt_decor_resistance, minivault_5, chequers_serial_rivers_marsh,
          glass_columns_a
D:5:      layout_loops_ring, general_overflow_altar,
          nicolae_wu_jian_glorious_leap,
          chequers_temple_overflow_statue_of_worship, dk_noncrumbling_3,
          uniq_duvessa
D:6:      layout_loops_ring, serial_shops, shop
D:7:      layout_basic, mainiacjoe_overflow_small_starburst,
          minmay_temple_entry_grid, serial_bayou_pond_a

Skill      XL: |  1  2  3  4  5  6  7  8 |
---------------+-------------------------+-----
Shapeshifting  | 3 4 5 6 |  6.1
Spellcasting   | 1 2 |  2.3
Conjurations   | 1 2 |  2.3
Hexes          | 1 2 |  2.3
Summonings     | 1 2 |  2.3
Necromancy     | 1 2 |  2.3
Translocations | 1 2 |  2.3
Transmutations | 1 2 |  2.3
Fire Magic     | 1 2 |  2.3
Ice Magic      | 1 2 |  2.3
Air Magic      | 1 2 |  2.3
Earth Magic    | 1 2 |  2.3
Poison Magic   | 1 2 |  2.3
Stealth        | 1 2 3 4 |  4.0
Fighting       | 2 |  2.1
Dodging        | 3 |  3.0
Unarmed Combat | |  3.1

Action                     |  1- 3 |  4- 6 |  7- 9 || total
---------------------------+-------+-------+-------++-------
  Melee: Unarmed           |    64 |       |    22 ||    86
         Punch             |     2 |     1 |       ||     3
         Dagger            |    36 |    68 |    76 ||   180
   Cast: Magic Dart        |     4 |    88 |    16 ||   108
         Passwall          |       |     1 |       ||     1
  Evoke: Wand              |       |     8 |     6 ||    14
    Use: Scroll            |       |    14 |     3 ||    17
   Stab: Sleeping          |       |       |     3 ||     3
 Armour: Animal skin       |    29 |       |       ||    29
         Leather armour    |    18 |    61 |    68 ||   147
  Dodge: Dodged            |    48 |    54 |    46 ||   148
   Form: Beast             |     1 |       |     1 ||     2
                           |       |     1 |       ||     1

Table legend: (Time is in decaauts)
 A = Elapsed time spent in this place.
 B = Non-inter-level travel time spent in this place.
 C = Inter-level travel time spent in this place.
 D = Time resting spent in this place.
 E = Time spent auto-exploring this place.
 F = Levels seen in this place.
 G = Mean time per level.
                   A        B        C        D        E       F      G
               +--------+--------+--------+--------+--------+-----+--------+
         Total |   5162 |   4818 |    344 |    369 |   3442 |   7 |  737.4 |
       Dungeon |   5162 |   4818 |    344 |    369 |   3442 |   7 |  737.4 |
               +--------+--------+--------+--------+--------+-----+--------+

Top non-repeatable levels by time:
     D:5: 1236 daAuts
     D:4: 920 daAuts
     D:6: 751 daAuts
     D:2: 738 daAuts
     D:1: 714 daAuts
     D:3: 535 daAuts
     D:7: 266 daAuts
